 Dungeon Crawl Stone Soup version 0.25-a0-583-g696c2ac64d (webtiles) character file.

Game seed: 4701806114290729618, levelgen mode: deterministic

163 An17 the Sneak (level 5, -3/28 HPs)
             Began as a Vampire Enchanter on Mar 8, 2020.
             Was an Initiate of Ashenzari.
             Slain by Grinder (9 damage)
             ... on level 4 of the Dungeon.
             The game lasted 00:12:58 (2948 turns).

An17 the Sneak (Vampire Enchanter)                  Turns: 2948, Time: 00:12:58

Health: -3/28      AC:  2    Str:  7    XL:     5   Next: 20%
Magic:  8/8        EV: 13    Int: 18    God:    Ashenzari [......]
Gold:   311        SH:  0    Dex: 15    Spells: 4/9 levels left

rFire    . . .     SeeInvis +   a - +1 dagger
rCold    + + .     Gourm    .   (no shield)
rNeg     + + +     Faith    .   b - +0 robe
rPois    ∞         Spirit   .   (no helmet)
rElec    .         Reflect  .   (no cloak)
rCorr    .         Harm     .   (no gloves)
MR       .....                  (no boots)
Stlth    ++++++....             (no amulet)
HPRegen  0.00/turn              f - ring of stealth (curse)
MPRegen  0.11/turn              (no ring)

@: bloodless
A: no food, fangs 3, see invisible, unbreathing
a: Bat Form, Revivify, Curse Item, Renounce Religion


You were on level 4 of the Dungeon.
You worshipped Ashenzari.
Ashenzari was noncommittal.
You were bloodless.

You visited 1 branch of the dungeon, and saw 4 of its levels.

You collected 311 gold pieces.

Inventory:

Hand Weapons
 a - a +1 dagger (weapon)
 g - a +1 morningstar of freezing
Missiles
 d - 3 boomerangs of dispersal
 k - 10 poisoned darts (quivered)
Armour
 b - a +0 robe (worn)
 e - a +0 chain mail
 i - a +0 leather armour
Jewellery
 f - a cursed ring of stealth (left hand)
 l - an uncursed ring of wizardry
Scrolls
 m - a scroll of immolation
Potions
 c - a potion of magic
 j - a potion of flight


   Skills:
 + Level 0.7 Fighting
 + Level 1.9 Short Blades
 + Level 3.1 Dodging
 + Level 5.7 Stealth
 + Level 2.5 Spellcasting
 + Level 5.6 Hexes
 + Level 1.2 Ice Magic


You had 4 spell levels left.
You knew the following spells:

 Your Spells              Type           Power        Failure   Level  Hunger
b - Ensorcelled Hibernat  Hex/Ice        ##....       6%          2    N/A
c - Tukima's Dance        Hex            ###.....     4%          3    N/A

Your spell library contained the following spells:

 Spells                   Type           Power        Failure   Level  Hunger
 Corona                   Hex            ###....      1%          1    N/A
 Confusing Touch          Hex            ###.....     4%          3    N/A
 Dazzling Flash           Conj/Hex       ##....       16%         3    N/A

Dungeon Overview and Level Annotations

Branches:
Dungeon (4/15)
 Temple: D:4-7

Altars:
Ashenzari
Elyvilon
Gozag
Hepliaklqana
Kikubaaqudgha
Sif Muna
Trog
Uskayaw
The Shining One

Annotations:
D:4 Grinder


Innate Abilities, Weirdness & Mutations

You do not eat.
You do not regenerate when monsters are visible.
You are frail without blood (-20% HP).
You can heal yourself when you bite living creatures.
You are immune to poison.
You have razor-sharp teeth.
You have supernaturally acute eyesight. (SInv)
You can survive without breathing.


Message History

* * * LOW HITPOINT WARNING * * *
Grinder hits you.
* * * LOW HITPOINT WARNING * * *
Grinder blinks! x2
You can move again.
Grinder blinks!
Grinder gestures at you.
You suddenly lose the ability to move!
Grinder gestures at you. You resist with significant effort.
You can move again.
Unknown command.
Unknown command.
You barely miss Grinder.
Grinder is severely wounded.
Grinder barely misses you.
You hit Grinder. You bite Grinder.
Grinder is almost dead.
Grinder hits you!
You die...

#.......##.##.........# #
#..##..............#.##
##.(##.........##...#.# #
#............#####..... ..
##.............#.##........
##
#...#............##........
#..#...#..........#
#...............###
#......####..@### #
##.##.....##.5.#..#.
##.......##....(...
#......§.....#....
##..#.###....#..... ####.#
#...## .... ... #..... ...
..## .$.....##.. #..
....#...#


You could see Grinder.

Vanquished Creatures
  An orc wizard (D:3)
  An adder (D:2)
  An ooze (D:3)
  3 worms
  2 dart slugs
  2 leopard geckos (D:2)
  11 orcs (D:3)
  5 giant cockroaches
  14 hobgoblins
  8 jackals
  A quokka (D:4)
  2 ball pythons
  8 bats
  3 frilled lizards
  5 goblins
  15 kobolds
  6 rats
88 creatures vanquished.

Notes
Turn   | Place    | Note
-------+----------+-------------------------------------------
     0 | D:1      | An17 the Vampire Enchanter began the quest for the Orb.
     0 | D:1      | Reached XP level 1. HP: 13/13 MP: 3/3
   204 | D:1      | Reached XP level 2. HP: 10/19 MP: 3/5
   208 | D:1      | Learned a level 2 spell: Ensorcelled Hibernation
   261 | D:1      | Reached skill level 5 in Hexes
   476 | D:1      | Reached XP level 3. HP: 13/24 MP: 1/6
   511 | D:1      | Learned a level 3 spell: Tukima's Dance
  1179 | D:2      | Found a hazy altar of Hepliaklqana.
  1189 | D:2      | Reached skill level 5 in Stealth
  1333 | D:2      | Reached XP level 4. HP: 24/24 MP: 3/7
  1465 | D:2      | Found a shattered altar of Ashenzari.
  1474 | D:2      | Became a worshipper of Ashenzari the Shackled
  1902 | D:3      | Found a white marble altar of Elyvilon.
  1904 | D:3      | Found a hide-covered altar of Uskayaw.
  1922 | D:3      | Found a glowing golden altar of the Shining One.
  1922 | D:3      | Found an ancient bone altar of Kikubaaqudgha.
  1923 | D:3      | Found a bloodstained altar of Trog.
  1927 | D:3      | Found a shimmering blue altar of Sif Muna.
  1928 | D:3      | Found an opulent altar of Gozag.
  2685 | D:3      | Reached skill level 1 in Ice Magic
  2685 | D:3      | Reached XP level 5. HP: 19/28 MP: 6/8
  2894 | D:4      | Noticed Grinder
  2932 | D:4      | Paralysed by Grinder for 6 turns
  2942 | D:4      | Paralysed by Grinder for 5 turns
  2948 | D:4      | Slain by Grinder

Levels and vault maps discovered:
D:1:      ncdulo_watergridlock, layout_rooms, st_stairs_13
D:2:      layout_basic, lemuel_coloured_pillars_altar,
          nicolae_overflow_crystal_walls
D:3:      layout_rooms, minitemple
D:4:      layout_cave_pools, first_ration, uniq_grinder

Skill      XL: |  1  2  3  4 |
---------------+-------------+-----
Hexes          | 5 |  5.6
Stealth        | 5 |  5.7
Dodging        | 3 |  3.1
Ice Magic      | 1 |  1.2
Fighting       | |  0.7
Short Blades   | |  1.9
Spellcasting   | |  2.5

Action                   |  1- 3 |  4- 6 || total
-------------------------+-------+-------++-------
Melee: Dagger            |   174 |   119 ||   293
       Bite              |    13 |    11 ||    24
Throw: Dart              |       |     2 ||     2
 Cast: Corona            |     5 |       ||     5
       Ensorcelled Hiber |    22 |    37 ||    59
Invok: Curse Item        |       |     1 ||     1
 Abil: Exsanguinate      |     1 |       ||     1
  Use: Scroll            |     2 |     2 ||     4
       Potion            |       |     5 ||     5
 Stab: Sleeping          |    16 |    29 ||    45
       Distracted        |       |     1 ||     1
Armor: Robe              |    31 |    11 ||    42
Dodge: Dodged            |   118 |    89 ||   207

Table legend:
 A = Non-vault XP
 B = Vault XP
 C = Vault XP percentage of total XP
 D = Non-vault monster count
 E = Vault monster count
 F = Vault count percentage of total count
                 A         B        C        D         E       F
            +---------+---------+-------+---------+---------+-------
      Total |     232 |       1 |   0.4 |      87 |       1 |   1.1
            +---------+---------+-------+---------+---------+-------
        D:1 |      49 |       1 |   2.0 |      28 |       1 |   3.4
        D:2 |      63 |       0 |   0.0 |      24 |       0 |   0.0
        D:3 |     114 |       0 |   0.0 |      32 |       0 |   0.0
        D:4 |       6 |       0 |   0.0 |       3 |       0 |   0.0
            +---------+---------+-------+---------+---------+-------
